 Dungeon Crawl Stone Soup version 0.27-a0-1513-g2aaa0cc67b (webtiles) character file.

Game seed: 16232480791055126620

1952 Sobieck the Thaumaturge (level 9, -1/55 HPs)
             Began as a Djinni Fire Elementalist on July 10, 2021.
             Splashed by a gnoll sergeant's acid (15 damage)
             ... on level 6 of the Dungeon.
             The game lasted 00:13:32 (8649 turns).

Sobieck the Thaumaturge (Djinni Fire Elementalist)  Turns: 8649, Time: 00:13:33

Health: -1/55      AC:  0    Str:  7    XL:     9   Next: 41%
Gold:   173        EV: 12    Int: 20    God:
                   SH:  5    Dex: 14

rFire    + + +     SeeInvis .   a - staff of fire {!astaff}
rCold    x . .     Faith    .   (no shield)
rNeg     . . .     Spirit   .   p - +1 robe
rPois    ∞         Reflect  +   (no helmet)
rElec    .         Harm     .   (no cloak)
rCorr    .         Rampage  .   u - +0 pair of gloves
Will     .....                  (boots unavailable)
Stlth    ++........             q - amulet of reflection
HPRegen  0.18/turn              (no ring)
MPRegen  0.00/turn              (no ring)

@: corroded, flying, studying Axes
A: sickness immunity, fire resistance 2, cold vulnerability 1, float, innate
caster, hp casting, extra vitality 1
a: no special abilities


You were on level 6 of the Dungeon.
You visited 1 branch of the dungeon, and saw 8 of its levels.

You collected 173 gold pieces.


Innate Abilities, Weirdness & Mutations

You are immune to sickness and miasma.
You are immune to poison.
Your flesh is very heat resistant. (rF++)
You are vulnerable to cold. (rC-)
You float through the air rather than walking.
You learn spells naturally, not from books.
Your magical power is your life essence.
You have superior vitality. (+4 HP)


   Skills:
 - Level 2.1 Dodging
 - Level 1.5 Stealth
 + Level 9.4 Spellcasting


You had one spell level left.
You knew the following spells:

 Your Spells              Type           Power      Damage    Failure   Level
a - Foxfire               Conj/Fire      100%       2x1d9     1%          1
b - Conjure Flame         Conj/Fire      63%        6-21      1%          3
c - Inner Flame           Hex/Fire       63%        N/A       1%          3
d - Sticky Flame          Conj/Fire      63%        2d8       1%          4
e - Fireball              Conj/Fire      31%        3d13      4%          5
f - Magic Dart            Conj           100%       1d8       1%          1
g - Poisonous Vapours     Pois/Air       94%        N/A       1%          2
h - Ozocubu's Armour      Ice            47%        N/A       1%          3
i - Dazzling Flash        Conj/Hex       94%        N/A       1%          3
Your spell library was empty.

Inventory:

Hand Weapons
 b - a +0 whip of electrocution {mace}
   (You took it off a kobold on level 1 of the Dungeon)
 o - a +0 rapier of draining {short}
   (You took it off Eustachio on level 6 of the Dungeon)
 y - a +3 hand axe {axe}
   (You took it off an orc on level 5 of the Dungeon)
Missiles
 f - 176 stones {throwing}
 i - 39 sling bullets
 k - 8 boomerangs {throwing}
 n - 102 bolts
 w - 46 arrows
Armour
 p - a +1 robe (worn)
 s - the +0 robe "Wuizol" {Harm rPois Int-2}
   (You found it on level 6 of the Dungeon)

   Int:       It affects your intelligence (-2).
   rPois:     It protects you from poison.
   Harm:      It increases damage dealt and taken.
 u - a +0 pair of gloves (worn)
   (You found it on level 7 of the Dungeon)
Magical Staves
 a - a staff of fire (weapon) {!astaff}
   (You found it on level 2 of the Dungeon)
 m - a staff of air {!astaff}
   (You found it on level 2 of the Dungeon)
Jewellery
 l - a ring of flight
   (You found it on level 2 of the Dungeon)
 q - an amulet of reflection (around neck)
   (You found it on level 3 of the Dungeon)
Wands
 x - a wand of polymorph (7)
   (You took it off Blork the orc on level 5 of the Dungeon)
Scrolls
 d - a scroll of noise {!r}
 j - a scroll of teleportation {@r4}
 r - a scroll of enchant armour
 t - a scroll of fog {unknown}
 z - a scroll of enchant weapon {unknown}
Potions
 c - 2 potions of lignification {!q}
 e - 5 potions of curing {@q1}
 g - a potion of attraction {unknown}
 h - 3 potions of might
 v - 3 potions of haste {@q3}

Dungeon Overview and Level Annotations

Branches:
Dungeon (8/15)
 Temple: D:4-7         Lair: D:8-11

Altars:
Trog
Yredelemnul

Shops:
D:2 ! D:4

( # #..........#
#########........# #####
'...............## #...#
##............#### #...#
##...........)...#####...#####
.#..........####.#...+.......#
.#########..).g#.#v###....##.#
.# #.#..g.§#.# #....##.#### ##
#.#÷.).@§.# #...###..... #
#####.#..#§######...###.....
#####.....#.####....#.....#....<
#.......###[##...##.#.###.#.####
#.......'...##.#.##...# #...#
#.......#....#.#.###### #####
#.......#.##.#.###
#########.##...# #.####.# ##


You could see a gnoll sergeant (extremely poisoned) and a gnoll.


Message History

You feel a surge of power!
There is not enough space to conjure foxfire!
Unknown command.
Casting: Foxfire (safe; 1% risk of failure)
Confirm with . or Enter, or press ? or * to list all spells.
Aiming: Sticky Flame (dangerous; 1% risk of failure)
Press: ? - help, Shift-Dir - straight line, f - adder
Aim: an adder (moderately wounded, ally target, 100% to hit)
You feel a surge of power!
The sticky flame hits the adder.
The adder is covered in liquid flames!
The adder burns!
You kill the adder! 😕 HP[-3]
You take 3 damage, and now have 51/55 hp.
You see here an adder corpse.
There is a stone staircase leading down here.
You reach down and open the door.
There is an open door here.
You now have 173 gold pieces (gained 5).
You reach down and open the door.
There is an open door here.
You see here a +0 leather armour.
A gnoll comes into view. It is wielding a +0 spear. 😎 HP[+4]
Your hp is fully restored (55).
You feel a surge of power!
You conjure some foxfire!
The gnoll shouts!
You hear a shout! x2 😕 HP[-1]
You take 1 damage, and now have 54/55 hp.
You feel a surge of power!
You conjure some foxfire!
A gnoll comes into view. It is wielding a +0 halberd. 😕 HP[-1]
You take 1 damage, and now have 53/55 hp.
You feel a surge of power!
You conjure some foxfire!
The foxfire hits the gnoll. x2 😕 HP[-1]
You take 1 damage, and now have 52/55 hp.
The foxfire hits the gnoll.
You kill the gnoll! 😕 HP[+1]
You feel a surge of power!
You conjure some foxfire!
A gnoll comes into view. It is wielding a +0 halberd. 😕 HP[-1]
You take 1 damage, and now have 52/55 hp.
You feel a surge of power!
You conjure some foxfire!
The foxfire hits the gnoll!
The foxfire hits the gnoll.
You kill the gnoll! 😕 HP[-1]
You take 1 damage, and now have 51/55 hp.
You feel a surge of power!
You conjure some foxfire! 😕 HP[-1]
You take 1 damage, and now have 50/55 hp.
You feel a surge of power!
You conjure some foxfire!
The foxfire hits the gnoll. x2; The foxfire hits the gnoll!
You kill the gnoll! 😕 HP[-1]
You take 1 damage, and now have 49/55 hp.
You feel a surge of power!
You conjure some foxfire! 😕 HP[-1]
You take 1 damage, and now have 48/55 hp.
You feel a surge of power!
You conjure some foxfire!
A gnoll comes into view. It is wielding a +0 whip.
You feel a surge of power!
You conjure some foxfire!
A gnoll sergeant comes into view.
It is wielding a +0 spear and carrying a wand of acid (6). 😕 HP[-1]
You take 1 damage, and now have 47/55 hp.
You feel a surge of power!
You conjure some foxfire!
The foxfire hits the gnoll!
The foxfire hits the gnoll. 😕 HP[-1]
You take 1 damage, and now have 46/55 hp.
You feel a surge of power!
You conjure some foxfire!
The foxfire hits the gnoll.
A gnoll comes into view. It is wielding a +0 spear.
You feel a surge of power!
You conjure some foxfire!
The foxfire hits the gnoll.
You kill the gnoll!
The foxfire hits the gnoll sergeant. x2 😕 HP[-1]
You take 1 damage, and now have 45/55 hp.
You feel a surge of power!
You conjure some foxfire!
The foxfire hits the gnoll sergeant but does no damage.
The gnoll sergeant hits you from afar with a +0 spear. 😮 HP[-4]
You take 4 damage, and now have 41/55 hp.
You are too injured to fight recklessly!
You are too injured to fight recklessly!
Unknown command.
Casting: Foxfire (safe; 1% risk of failure)
Confirm with . or Enter, or press ? or * to list all spells.
Aiming: Poisonous Vapours (safe; 1% risk of failure)
Press: ? - help, Dir - move target, f - gnoll sergeant
Aim: a gnoll sergeant, wielding a +0 spear, wearing a +0 ring mail, wearing a +0 buckler and carrying a wand of acid (6) (moderately wounded, ally target) Poisonous vapours surround the gnoll sergeant!
The gnoll sergeant looks as sick as possible!
The foxfire hits the gnoll sergeant.
The foxfire hits the gnoll sergeant but does no damage. x2
The gnoll sergeant zaps a wand.
The bolt of acid hits you!!
* * * LOW HITPOINT WARNING * * *
The acid corrodes you!
You are splashed with acid!
You die...

Skill      XL: |  1  2  3  4  5  6  7  8  9 |
---------------+----------------------------+-----
Spellcasting   | 3 4 5 6 8 9 |  9.4
Dodging        | |  2.1
Stealth        | |  1.5

Action                   |  1- 3 |  4- 6 |  7- 9 || total
-------------------------+-------+-------+-------++-------
Melee: Whip              |     9 |     3 |       ||    12
 Cast: Foxfire           |    83 |   104 |   231 ||   418
       Poisonous Vapours |       |     9 |     4 ||    13
       Ozocubu's Armour  |       |       |     1 ||     1
       Sticky Flame      |       |       |     4 ||     4
       Magic Dart        |       |       |     1 ||     1
  Use: Scroll            |       |     2 |     9 ||    11
 Stab: Sleeping          |       |     1 |       ||     1
Armor: Robe              |     1 |     2 |     5 ||     8
Dodge: Dodged            |    12 |     5 |    26 ||    43
Block: Other             |       |     1 |     5 ||     6

Levels and vault maps discovered:
D:1:      evilmike_arrival_rings, layout_basic,
          shapermc_ecumenical_altar_starsandcircs, minmay_misc_feat_nine_boxes
D:2:      cheibrodos_old_hovel, layout_loops_ring, serial_shops, shop
D:3:      layout_basic, grunt_ministairs_11, uniq_natasha
D:4:      layout_layer_cave, mainiacjoe_overflow_divided_tiny, serial_shops,
          nicolae_take_the_stairs
D:5:      layout_rooms, minmay_misc_feat_iff, grunt_ministairs_8, uniq_edmund,
          uniq_blork_the_orc
D:6:      layout_basic, mainiacjoe_overflow_catwalk, uniq_eustachio,
          uniq_grinder
D:7:      layout_rooms, minmay_temple_entry_stoned_glass, uniq_menkaure
D:8:      layout_rooms, mainiacjoe_overflow_alcove_1, lemuel_tele_altar,
          david_lair_generic

Notes
Turn   | Place    | Note
-------+----------+-------------------------------------------
     0 | D:1      | Sobieck the Djinni Fire Elementalist began the quest for
                  | the Orb.
     0 | D:1      | Reached XP level 1. HP: 15/15 MP: 0/0
     0 | D:1      | magus.rc [v1.9.6]
   430 | D:1      | Reached XP level 2. HP: 16/21 MP: 0/0
   803 | D:1      | Reached skill level 3 in Spellcasting
  1039 | D:1      | Reached XP level 3. HP: 22/25 MP: 0/0
  1039 | D:1      | Learned a level 1 spell: Magic Dart
  1486 | D:1      | Found a faded altar of an unknown god.
  1981 | D:2      | Reached XP level 4. HP: 26/31 MP: 0/0
  2731 | D:2      | Found Jeenisikho's Distillery.
  2911 | D:3      | Reached skill level 4 in Spellcasting
  3008 | D:3      | Reached XP level 5. HP: 27/35 MP: 0/0
  3008 | D:3      | Learned a level 2 spell: Poisonous Vapours
  3262 | D:3      | Reached XP level 6. HP: 35/40 MP: 0/0
  3436 | D:3      | Noticed Natasha
  3444 | D:3      | Killed Natasha
  3445 | D:3      | Reached skill level 5 in Spellcasting
  3915 | D:3      | Noticed Natasha
  3926 | D:3      | Killed Natasha
  4184 | D:3      | Noticed Natasha
  4191 | D:3      | Killed Natasha
  4431 | D:4      | Noticed a sky beast
  4438 | D:4      | Killed a sky beast
  4439 | D:4      | Reached XP level 7. HP: 36/45 MP: 0/0
  4439 | D:4      | Learned a level 3 spell: Ozocubu's Armour
  4539 | D:4      | Got the Papyrus of Spores
  4568 | D:4      | Reached skill level 6 in Spellcasting
  4643 | D:4      | Found Gedexeco's Weapon Shop.
  4700 | D:5      | Entered Level 5 of the Dungeon
  4946 | D:5      | Noticed Edmund
  5465 | D:4      | Reached XP level 8. HP: 16/50 MP: 0/0
  5808 | D:4      | Found a basalt altar of Yredelemnul.
  5809 | D:4      | Found a bloodstained altar of Trog.
  6475 | D:4      | Killed Edmund
  6476 | D:4      | Reached skill level 7 in Spellcasting
  6902 | D:6      | Reached skill level 8 in Spellcasting
  7050 | D:5      | Noticed Blork the orc
  7174 | D:5      | Killed Blork the orc
  7488 | D:5      | Reached XP level 9. HP: 40/55 MP: 0/0
  7488 | D:5      | Learned a level 3 spell: Dazzling Flash
  8257 | D:6      | Noticed Eustachio
  8271 | D:6      | Killed Eustachio
  8272 | D:6      | Reached skill level 9 in Spellcasting
  8332 | D:6      | Identified the +0 robe "Wuizol" {Harm rPois Int-2}
  8425 | D:7      | Noticed Menkaure
  8429 | D:7      | Killed Menkaure
  8649 | D:6      | Splashed by a gnoll sergeant's acid

Vanquished Creatures
  Eustachio (D:6)
  Menkaure (D:7)
  Edmund (D:4)
  A necrophage (D:4)
  A sky beast (D:4)
  2 ogres
  2 phantoms
  Blork the orc (D:5)
  A bullfrog (D:6)
  A scorpion (D:3)
  2 jellies (D:6)
  5 hounds
  2 orc priests
  3 iguanas
  Natasha (thrice) (D:3)
  7 orc wizards
  A hound zombie (D:5)
  A howler monkey zombie (D:6)
  7 adders
  4 gnolls (D:6)
  A shadow imp (D:6)
  A white imp (D:4)
  2 ufetubi (D:5)
  An adder zombie (D:5)
  2 worms (D:2)
  23 orcs
  10 ball pythons
  5 endoplasms
  2 giant cockroaches
  12 goblins
  6 hobgoblins
  14 jackals
  8 quokkas
  4 bats
  4 frilled lizards
  9 kobolds
  5 rats
156 creatures vanquished.

Vanquished Creatures (collateral kills)
  A foxfire (D:2)
1 creature vanquished.

Vanquished Creatures (others)
  667 foxfires
  A plant (D:2)
668 creatures vanquished.

Grand Total: 825 creatures vanquished

Table legend:
 A = Non-vault XP
 B = Vault XP
 C = Vault XP percentage of total XP
 D = Non-vault monster count
 E = Vault monster count
 F = Vault count percentage of total count
                 A         B        C        D         E       F
            +---------+---------+-------+---------+---------+-------
      Total |    1988 |     801 |  28.7 |     141 |      15 |   9.6
            +---------+---------+-------+---------+---------+-------
        D:1 |      51 |       0 |   0.0 |      31 |       0 |   0.0
        D:2 |      49 |       5 |   9.3 |      13 |       1 |   7.1
        D:3 |     263 |      87 |  24.9 |      23 |       6 |  20.7
        D:4 |     537 |     164 |  23.4 |      30 |       1 |   3.2
        D:5 |     542 |     177 |  24.6 |      31 |       5 |  13.9
        D:6 |     546 |     196 |  26.4 |      13 |       1 |   7.1
        D:7 |       0 |     172 | 100.0 |       0 |       1 | 100.0
            +---------+---------+-------+---------+---------+-------

Illustrated notes

Table legend:
 A = Kills in this place as a percentage of kills in entire the game.
 B = Kills by you in this place as a percentage of kills by you in the entire game.
 C = Kills by friends in this place as a percentage of kills by friends in the entire game.
 D = Other kills in this place as a percentage of other kills in the entire game.
 E = Experience gained in this place as a percentage of experience gained in the entire game.
 F = Experience gained in this place divided by the number of levels of this place that you have seen.
                   A       B       C       D       E      F
               +-------+-------+-------+-------+-------+----------------------
         Total | 100.0 | 100.0 |   N/A |   N/A | 100.0 | 348.6
       Dungeon | 100.0 | 100.0 |   N/A |   N/A | 100.0 | 348.6
               +-------+-------+-------+-------+-------+----------------------

Table legend: (Time is in decaauts)
 A = Elapsed time spent in this place.
 B = Non-inter-level travel time spent in this place.
 C = Inter-level travel time spent in this place.
 D = Time resting spent in this place.
 E = Time spent auto-exploring this place.
 F = Levels seen in this place.
 G = Mean time per level.
                   A        B        C        D        E       F      G
               +--------+--------+--------+--------+--------+-----+--------+
         Total |   8659 |   8235 |    424 |   1757 |   5492 |   8 | 1082.4 |
       Dungeon |   8659 |   8235 |    424 |   1757 |   5492 |   8 | 1082.4 |
               +--------+--------+--------+--------+--------+-----+--------+

Top non-repeatable levels by time:
     D:4: 2580 daAuts
     D:1: 1893 daAuts
     D:3: 1339 daAuts
     D:5: 1236 daAuts
     D:2: 993 daAuts
     D:6: 585 daAuts
     D:7: 28 daAuts
     D:8: 1 daAuts
